 Dungeon Crawl Stone Soup version 0.31-a0-662-g684573625c (webtiles) character file.

Game seed: 11599449948508539293

1700097 EnegeticOcto the Ruinous (level 27, 229/229 HPs)
             Began as a Naga Reaver on Sept 1, 2023.
             Was the Champion of Vehumet.
             Escaped with the Orb
             ... and 3 runes!
             The game lasted 01:57:48 (65666 turns).

EnegeticOcto the Ruinous (Naga Reaver)             Turns: 65666, Time: 01:57:49

Health: 229/229    AC: 42    Str: 18    XL:     27
Magic:  53/62      EV: 11    Int: 39    God:    Vehumet [******]
Gold:   4093       SH:  6    Dex: 16    Spells: 14/59 levels left

rFire   + . .        I - staff of air
rCold   + . .        p - +0 buckler {rC+}
rNeg    . . .        V - +6 ring mail of Cheibriados's Delight {+Blink rCorr Dex+2 Stlth+}
rPois   +            z - +3 hat of Pondering {ponderous, Will+ MP+10 Int+5}
rElec   +            K - +2 cloak
rCorr   +            G - +2 pair of gloves
SInv    +            a - +4 barding
Will    ++++.        W - amulet of Vitality {RegenMP++ Regen++}
Stlth   ++           B - ring "Kynkeecw" {*Slow Fly rF+ MP+9 Str+4}
HPRegen 2.18/turn    M - +6 ring of intelligence
MPRegen 1.18/turn

%: random rage (3%), slow self (1%)
@: flying, studying Stealth, very slow
A: AC +9, large, see invisible, deformed body, poison resistance, slowness 2,
spit poison 1, naga tail 2, agile 1, berserk 1, clever 1, deterioration 1, frail
1, screaming 1, electricity resistance
0: Orb of Zot
}: 3/15 runes: barnacled, silver, gossamer
a: Spit Poison, Renounce Religion, Evoke Blink


You escaped.
You worshipped Vehumet.
Vehumet was exalted by your worship.
You visited 10 branches of the dungeon, and saw 48 of its levels.
You also visited: Sewer, Ice Cave and Volcano.

You collected 7893 gold pieces.
You spent 3800 gold pieces at shops.

Inventory:

Hand Weapons
 s - a +0 whip of distortion
   (You took it off a gnoll on level 3 of the Dungeon)
Missiles
 q - 6 throwing nets {!f}
 A - 21 curare-tipped darts
Armour
 a - a +4 barding (worn)
   (You found it on level 11 of the Dungeon)
 p - a +0 buckler of cold resistance (worn)
   (You found it in an ice cave)
 z - the +3 hat of Pondering (worn) {ponderous, Will+ MP+10 Int+5}
   (You found it in a volcano)

   Int+5:     It affects your intelligence (+5).
   Will+:     It increases your willpower.
   MP+10:     It affects your magic capacity (+10).
 G - a +2 pair of gloves (worn)
   (You found it on level 11 of the Dungeon)
 K - a +2 cloak (worn)
   (You found it on level 10 of the Dungeon)
 V - the +6 ring mail of Cheibriados's Delight (worn) {+Blink rCorr Dex+2 Stlth+}
   (You found it on level 2 of the Lair of Beasts)

   Dex+2:     It affects your dexterity (+2).
   +Blink:    It lets you blink.
   rCorr:     It protects you from acid and corrosion.
   Stlth+:    It makes you more stealthy.
Magical Staves
 C - the staff "Uzountei" {rF+ Will+ Conj}
   (You found it on level 3 of the Elven Halls)

   [staff of conjuration]

   Base accuracy: +5 Base damage: 5 Base attack delay: 1.2 This weapon's minimum
   attack delay (0.6) is reached at skill level 12.
   rF+:       It protects you from fire.
   Will+:     It increases your willpower.
   Conj:      It increases the power of your Conjurations spells.
   It falls into the 'Staves' category.
   It is a one-handed weapon.
 I - a staff of air (weapon)
   (You found it on level 1 of the Shoals)
Jewellery
 B - the ring "Kynkeecw" (left hand) {*Slow Fly rF+ MP+9 Str+4}
   (You took it off a merfolk impaler on level 4 of the Shoals)

   [ring of protection from fire]

   Str+4:     It affects your strength (+4).
   rF+:       It protects you from fire.
   MP+9:      It affects your magic capacity (+9).
   Fly:       It grants you flight.
   *Slow:     It may slow you when you take damage.
 L - a ring of protection from fire
   (You found it on level 2 of the Shoals)
 M - a +6 ring of intelligence (right hand)
   (You took it off an orc on level 7 of the Dungeon)
 W - the amulet of Vitality (around neck) {RegenMP++ Regen++}
   (You bought it in a shop on level 2 of the Orcish Mines)

   [amulet of magic regeneration]

   RegenMP:   It increases your rate of magic regeneration.
   Regen++:   It increases your rate of health regeneration.
Wands
 j - a wand of flame (138) {@v4}
   (You found it on level 5 of the Dungeon)
 n - a wand of digging (18) {@v3}
   (You found it on level 12 of the Dungeon)
 E - a wand of roots (44) {@v2}
   (You found it on level 7 of the Dungeon)
 O - a wand of quicksilver (35) {@v1}
   (You found it on level 1 of the Lair of Beasts)
 S - a wand of paralysis (24)
   (You found it on level 5 of the Lair of Beasts)
 T - a wand of polymorph (22)
   (You found it on level 2 of the Lair of Beasts)
 Z - a wand of mindburst (47)
   (You found it on level 4 of the Lair of Beasts)
Scrolls
 b - 18 scrolls of teleportation {@r3 !r}
 c - 2 scrolls of torment
 d - 4 scrolls of silence {!r}
 i - 5 scrolls of revelation {@r5 !r}
 m - 6 scrolls of fear {!r}
 v - 6 scrolls of blinking {@r4}
 y - 9 scrolls of vulnerability
 J - 4 scrolls of summoning
 N - 12 scrolls of fog {!r}
 R - 3 scrolls of immolation
 X - 8 scrolls of poison
Potions
 f - 6 potions of magic
 g - 5 potions of enlightenment
 h - 5 potions of invisibility
 k - 4 potions of attraction
 l - 20 potions of curing {@q1 !q}
 o - 6 potions of ambrosia
 u - 7 potions of brilliance
 x - 4 potions of berserk rage
 D - 6 potions of lignification {@q6}
 F - 10 potions of heal wounds {@q2 !q}
 H - 6 potions of cancellation
 P - 6 potions of haste {@q4 !q}
 Q - 9 potions of mutation
 Y - 8 potions of resistance
Miscellaneous
 e - a box of beasts
   (You found it on level 12 of the Dungeon)
 r - a phial of floods
   (You found it on level 3 of the Spider Nest)
 t - a tin of tremorstones (2/2)
   (You found it on level 4 of the Shoals)
 w - a lightning rod (4/4)
   (You found it on level 4 of the Shoals)
 U - a phantom mirror
   (You found it on level 2 of the Lair of Beasts)


   Skills:
 + Level 16.8 Fighting
 - Level 4.0 Maces & Flails
 - Level 17.0 Armour
 - Level 10.0 Dodging
 - Level 6.0 Stealth
 - Level 6.0 Shields
 + Level 16.5 Spellcasting
 * Level 24.2 Conjurations
 - Level 3.0 Translocations
 - Level 10.0 Fire Magic
 - Level 4.0 Ice Magic
 + Level 23.3 Air Magic
 - Level 9.0 Evocations


You had 14 spell levels left.
You knew the following spells:

 Your Spells              Type           Power      Damage    Failure   Level
a - Airstrike             Air            72%        2d(11-27) 0%          4
b - Chain Lightning       Conj/Air       72%        3d96      2%          9
c - Arcjolt               Conj/Air       72%        1d82      0%          5
d - Kiss of Death         Conj/Necr      100%       2d13      0%          1
e - Freezing Cloud        Conj/Ice/Air   64%        6-21      1%          5
f - Iskenderun's Mystic   Conj/Tloc      95%        2d18      1%          4
h - Plasma Beam           Fire/Air       63%        2x1d79    1%          6
j - Apportation           Tloc           100%       N/A       1%          1
z - Maxwell's Capacitive  Air            72%        ∞         1%          8
Y - Blink                 Tloc           100%       N/A       1%          2

Your spell library contained the following spells:

 Spells                   Type           Power      Damage    Failure   Level
 Polar Vortex             Ice            29%        12d3*     100%        9
 Foxfire                  Conj/Fire      100%       2x1d9     0%          1
 Shock                    Conj/Air       100%       1d9       0%          1
 Momentum Strike          Conj/Tloc      100%       3d10      0%          2
 Poisonous Vapours        Pois/Air       100%       N/A       0%          2
 Hailstorm                Conj/Ice       97%        3d19      0%          3
 Mephitic Cloud           Conj/Pois/Air  100%       N/A       0%          3
 Swiftness                Air            100%       N/A       0%          3
 Flame Wave               Conj/Fire      100%       2d21      0%          4
 Sticky Flame             Conj/Fire      100%       2d11      0%          4
 Conjure Ball Lightning   Conj/Air       72%        3x3d27    0%          6
 Freeze                   Ice            100%       1d10      1%          1
 Necrotise                Necr           100%       1d9       1%          1
 Sandblast                Erth           64%        2d14      1%          1
 Sting                    Tmut/Pois      100%       1d8       1%          1
 Summon Small Mammal      Summ           100%       N/A       1%          1
 Cigotuvi's Dreadful Rot  Necr/Pois/Air  100%       N/A       1%          2
 Dazzling Flash           Conj/Hex       100%       N/A       1%          3
 Frozen Ramparts          Ice            100%       1d16      1%          3
 Ignite Poison            Fire/Tmut/Pois 55%        N/A       1%          3
 Inner Flame              Hex/Fire       63%        N/A       1%          3
 Stone Arrow              Conj/Erth      100%       3d13      1%          3
 Volatile Blastmotes      Fire/Tloc      100%       2d18      1%          3
 Summon Lightning Spire   Summ/Air       100%       N/A       1%          4
 Vhi's Electric Charge    Tloc/Air       100%       N/A       1%          4
 Fireball                 Conj/Fire      52%        3d20      1%          5
 Starburst                Conj/Fire      52%        6d14      1%          6
 Passwall                 Tmut/Erth      26%        N/A       2%          2
 Portal Projectile        Hex/Tloc       88%        N/A       2%          3
 Manifold Assault         Tloc           54%        N/A       4%          4
 Olgreb's Toxic Radiance  Pois           32%        N/A       4%          4
 Passage of Golubria      Tloc           54%        N/A       4%          4
 Call Canine Familiar     Summ           32%        N/A       5%          3
 Confusing Touch          Hex            32%        N/A       5%          3
 Tukima's Dance           Hex            32%        N/A       5%          3
 Vampiric Draining        Necr           32%        2d8       5%          3
 Lee's Rapid Deconstruct  Erth           16%        3d10*     13%         5
 Yara's Violent Unravell  Hex/Tmut       16%        3d8       13%         5
 Anguish                  Hex/Necr       16%        N/A       17%         4
 Animate Armour           Summ/Erth      64%        N/A       17%         4
 Animate Dead             Necr           32%        N/A       17%         4
 Dispel Undead            Necr           32%        3d14      17%         4
 Leda's Liquefaction      Hex/Erth       16%        N/A       17%         4
 Lehudib's Crystal Spear  Conj/Erth      45%        10d11     21%         8
 Summon Forest            Summ/Tloc      22%        N/A       26%         5
 Fire Storm               Conj/Fire      52%        8d13      36%         9
 Agony                    Necr           32%        N/A       43%         5
 Alistair's Intoxication  Tmut/Pois      21%        N/A       43%         5
 Borgnjor's Vile Clutch   Necr/Erth      16%        N/A       43%         5
 Eringya's Noxious Bog    Tmut/Pois      16%        4d6       54%         6
 Dispersal                Tloc           27%        N/A       61%         6
 Enfeeble                 Hex            16%        N/A       100%        7
 Haunt                    Necr/Summ      16%        N/A       100%        7
 Malign Gateway           Summ/Tloc      22%        N/A       100%        7
 Summon Hydra             Summ           16%        N/A       100%        7
 Discord                  Hex            16%        N/A       100%        8
 Disjunction              Tloc           27%        N/A       100%        8
 Death's Door             Necr           16%        N/A       100%        9
 Shatter                  Erth           16%        3d15*     100%        9


Dungeon Overview and Level Annotations

Branches:
Dungeon (15/15)            Temple (0/1) D:5            Lair (5/5) D:10
 Shoals (4/4) Lair:2       Spider (4/4) Lair:2        Slime (1/5) Lair:4
    Orc (2/2) D:12            Elf (3/3) Orc:2        Vaults (5/5) D:14
  Crypt (0/3) Vaults:2     Depths (4/4) D:15            Zot (5/5) Depths:4
  Sewer (visited)           IceCv (visited)         Volcano (visited)

Altars:
Ashenzari
Elyvilon
Fedhas
Gozag
Hepliaklqana
Makhleb
Qazlal
Ru
Sif Muna
Vehumet
Wu Jian
Yredelemnul
Zin
The Shining One
Jiyva

Shops:
D:8 *   D:12 ?   Orc:1 !   Orc:2 *=[(   Elf:1 =   Elf:2 ?   Elf:3 (
Vaults:2 *

Portals:
Hell: Depths:1 Depths:2 Depths:3 Depths:4
Abyss: D:5 Depths:1 Depths:3 Depths:4
Pandemonium: Depths:2
Ziggurat: Depths:2

Annotations:
D:5 2 transporters, GordonOverkill's ghost, weakling VSDe
D:8 1 runed translucent door, exclusion: door, Scrael's ghost, novice DsGl
Lair:3 1 runed translucent door
Shoals:1 1 runed translucent door, exclusion: door, Beaer's ghost, journeyman TrFi
Shoals:2 1 runed translucent door, exclusion: door, Tinttamiau's ghost, adept BaIE
Spider:2 2 transporters, Arachne; blacky4's ghost, adept SpEn; lis82's ghost, journeyman DgSu
Elf:2 3 runed translucent doors, exclusion: door
Vaults:2 3 runed translucent doors, exclusion: 3 doors, heteroy's ghost, veteran GrEE
Depths:1 1 runed translucent door, exclusion: door, Lapib's ghost, veteran MfIE


Innate Abilities, Weirdness & Mutations

Your serpentine skin is tough. (AC +9)
You have supernaturally acute eyesight. (SInv)
Armour fits poorly on your strangely shaped body.
Your system is resistant to poisons. (rPois)
You cover ground very slowly.
You can spit poison.
You can use your snake-like lower body to constrict enemies.
You are agile. (Dex +4, Str/Int -1)
You sometimes lose your temper in combat.
Your mind is acute. (Int +4, Str/Dex -1)
Your body sometimes deteriorates upon taking damage.
You are frail. (-10% HP)
You occasionally shout uncontrollably at your foes.
You are resistant to electric shocks. (rElec)


Message History

Casting: Chain Lightning (dangerous; 3% risk of failure)
Press: ? - help, Q - select action, (/) - cycle Dir - look around, f - activate You feel a surge of power!
Lightning arcs from your hands!
The bolt of lightning hits the blizzard demon!!!!
The blizzard demon resists.
You kill the blizzard demon!
Vehumet accepts your kill.
You feel your power returning.
The bolt of lightning hits you but does no damage.
(D) Dungeon (T) Temple (L) Lair (A) Shoals (N) Spider Nest (M) Slime Pits (O) Orcish Mines (E) Elven Halls (V) Vaults (C) Crypt (U) Depths (H) Hell (Z) Zot
Where to? (Tab/Enter - D:1 @ (x,y), ? - help) Magic restored.
There is a stone staircase leading up here.
You fly upwards.
There is a stone staircase leading down here.
You yell at the hellion!
A hellion comes into view.
Unknown command.
Casting: Chain Lightning (dangerous; 3% risk of failure)
Press: ? - help, Q - select action, (/) - cycle Dir - look around, f - activate You feel a surge of power!
Lightning arcs from your hands!
The bolt of lightning hits the hellion!!!!
You kill the hellion!
Vehumet accepts your kill.
You feel your power returning.
(D) Dungeon (T) Temple (L) Lair (A) Shoals (N) Spider Nest (M) Slime Pits (O) Orcish Mines (E) Elven Halls (V) Vaults (C) Crypt (U) Depths (H) Hell (Z) Zot
Where to? (Tab/Enter - D:1 @ (x,y), ? - help) Magic restored.
There is a stone staircase leading up here.
You fly upwards.
There is a stone staircase leading down here.
An Orb Guardian comes into view.
Unknown command.
Casting: Chain Lightning (dangerous; 3% risk of failure)
Press: ? - help, Q - select action, (/) - cycle Dir - look around, f - activate You feel a surge of power!
Lightning arcs from your hands!
The bolt of lightning hits the Orb Guardian!!!!
You kill the Orb Guardian!
Vehumet accepts your kill. The bolt of lightning hits you! You resist.
(D) Dungeon (T) Temple (L) Lair (A) Shoals (N) Spider Nest (M) Slime Pits (O) Orcish Mines (E) Elven Halls (V) Vaults (C) Crypt (U) Depths (H) Hell (Z) Zot
Where to? (Tab/Enter - D:1 @ (x,y), ? - help) HP restored.
Magic restored.
You see here a +0 whip.
There is a stone staircase leading up here.
You fly upwards.
There is a stone staircase leading down here.
Things that are here:
4 stones; a +0 club
There is a stone staircase leading up here.
You fly upwards.
There is a stone staircase leading down here.
There is an open door here.
A lorocyproca comes into view.
Unknown command.
Casting: Chain Lightning (dangerous; 2% risk of failure)
Press: ? - help, Q - select action, (/) - cycle Dir - look around, f - activate You feel a surge of power!
Lightning arcs from your hands!
The bolt of lightning hits the lorocyproca!!!
The lorocyproca resists.
The lorocyproca is severely wounded.
Casting: Chain Lightning (dangerous; 2% risk of failure)
Press: ? - help, Q - select action, (/) - cycle Dir - look around, f - activate You feel a surge of power!
Lightning arcs from your hands!
The bolt of lightning hits the lorocyproca!!!
The lorocyproca resists.
You kill the lorocyproca!
Vehumet accepts your kill.
You feel your power returning.
(D) Dungeon (T) Temple (L) Lair (A) Shoals (N) Spider Nest (M) Slime Pits (O) Orcish Mines (E) Elven Halls (V) Vaults (C) Crypt (U) Depths (H) Hell (Z) Zot
Where to? (Tab/Enter - D:1 @ (x,y), ? - help)
An Orb Guardian comes into view.
Casting: Chain Lightning (dangerous; 2% risk of failure)
Press: ? - help, Q - select action, (/) - cycle Dir - look around, f - activate You feel a surge of power!
Lightning arcs from your hands!
The bolt of lightning hits the Orb Guardian!!!!
You kill the Orb Guardian!
Vehumet accepts your kill.
You feel your power returning.
The bolt of lightning hits you but does no damage.
(D) Dungeon (T) Temple (L) Lair (A) Shoals (N) Spider Nest (M) Slime Pits (O) Orcish Mines (E) Elven Halls (V) Vaults (C) Crypt (U) Depths (H) Hell (Z) Zot
Where to? (Tab/Enter - D:1 @ (x,y), ? - help)
There is a staircase leading out of the dungeon here.
You have escaped!

~##.#........(.....#...# ##..#.#
##.##..............#...# #....#
..###..............#...# #.#>.#
....#..............#...# #.#.##
....#################### #.#.#
....######.............#####...#
######.......#######.......###.#
##......###.......###......###
#....###......@......###....#
##...#......#######......#...##
#...#.....### ###.....#...##
#...#....## ##....#...#.
##...#.)..## ##....#...'.
##...#.....### ###.....#...#.
###...#......#######......#...##.
# #....###..†..........###....##.
# ##......###.......###......###.


There were no monsters in sight!

Vanquished Creatures
  2 dread liches (Zot:5)
  4 ancient liches
  8 orbs of fire
  Mara (Spider:3)
  Vv (Depths:4)
  Xtahua (Depths:4)
  3 Killer Klowns (Zot:5)
  9 golden dragons
  Nikola (Elf:1)
  A bone dragon (Elf:1)
  Jorgrun (D:12)
  3 electric golems
  16 tentacled monstrosities
  5 hellephants
  2 pandemonium lords
  A lich (Depths:1)
  A walking crystal tome (Depths:3)
  30 Orb Guardians
  7 quicksilver dragons
  2 Ice Fiends
  2 deep elf blademasters (Elf:3)
  2 deep elf master archers (Elf:3)
  A walking divine tome (Depths:3)
  4 titans
  6 death cobs
  6 sphinxes
  Gastronok (D:10)
  Frances (Elf:1)
  Kirke (Spider:2)
  2 krakens
  8 tengu reavers
  6 draconian monks
  A revenant (Vaults:2)
  7 storm dragons
  8 shadow dragons
  2 iron dragons
  3 draconian knights
  The ghost of vilexx the Warrior, an adept DjHW of Ashenzari (Elf:1)
  6 fire giants
  Aizul (Spider:2)
  5 emperor scorpions
  11 frost giants
  2 draconian scorchers
  4 deep elf sorcerers (Elf:3)
  7 deep elf elementalists (Elf:3)
  4 draconian stormcallers
  8 draconian shifters
  14 vault wardens
  2 spriggan defenders
  A balrug (Zot:2)
  23 ironbound preservers
  3 orc warlords
  4 draconian annihilators (Zot:5)
  7 ghost moths
  5 broodmothers (Spider:4)
  22 very ugly things
  A juggernaut skeleton (Depths:3)
  An angel (Shoals:3)
  A war gargoyle (Vaults:5)
  15 stone giants
  5 formless jellyfish
  An apis (Shoals:3)
  7 ironbound thunderhulks
  A quicksilver ooze (Slime:1)
  16 green draconians
  8 black draconians
  7 deep elf demonologists
  7 deep elf annihilators
  10 yellow draconians
  2 lorocyprocas
  10 white draconians
  8 purple draconians
  An eleionoma (shapeshifter) (Vaults:5)
  10 red draconians
  4 spark wasps
  8 dire elephants
  Snorg (D:10)
  3 crystal guardians (Vaults:4)
  A blizzard demon (D:5)
  7 deep elf death magi
  19 ettins
  2 merfolk javelineers (Shoals:4)
  An ettin (shapeshifter) (Depths:3)
  3 deep elf high priests
  7 great orbs of eyes
  18 yaktaur captains
  8 entropy weavers
  11 fire dragons
  10 merfolk impalers
  30 vault guards
  Josephine (D:14)
  2 peacekeepers (Vaults:4)
  A caustic shrike simulacrum (Elf:1)
  4 rakshasas
  7 ice dragons
  2 ogre magi (Vaults:5)
  3 hydras
  2 merfolk avatars
  4 spriggan air magi
  4 jorogumos
  A sphinx zombie (Depths:3)
  3 ghost crabs (Elf:1)
  10 ironbound frosthearts
  6 merfolk aquamancers
  4 centaur warriors
  2 death knights
  3 radroaches
  2 alligator snapping turtles (Shoals:4)
  4 two-headed ogres
  13 boulder beetles
  4 death yaks (Shoals:4)
  7 deep troll shamans
  2 satyrs (Shoals:2)
  14 deep troll earth magi
  6 tengu warriors
  11 hell hogs
  Urug (Orc:1)
  5 demonic crawlers
  8 dancing weapons
  7 orc high priests
  2 vampire magi
  3 shock serpents (Elf:1)
  3 spriggan berserkers
  20 hell knights
  15 deep elf knights
  2 sun demons (Zot:2)
  A titan skeleton (Elf:1)
  19 spriggans
  3 skysharks
  2 fire crabs
  A sun moth (Spider:4)
  A death drake (Elf:1)
  10 iron trolls
  8 pharaoh ants
  3 cherubim
  4 glowing orange brains
  A sixfirhy (Zot:4)
  A storm dragon skeleton (Elf:1)
  73 deep trolls
  An orb spider (shapeshifter) (D:13)
  2 flayed ghosts
  10 orb spiders
  13 sea snakes
  11 deep elf archers
  4 phantasmal warriors
  2 bog bodies (IceCv)
  12 lindwurms
  7 wizards
  8 ironbound convokers
  18 harpies
  3 steelbarb worms
  23 deep elf zephyrmancers
  Pikel (D:6)
  2 mana vipers (Elf:1)
  5 fauns
  7 necromancers
  2 mana vipers (shapeshifter)
  5 orc knights
  An iron dragon zombie (Depths:3)
  25 deep elf pyromancers
  24 wolf spiders
  37 ugly things
  30 moths of wrath
  8 orc sorcerers
  7 cyclopes
  Maurice (Orc:2)
  8 merfolk sirens
  16 manticores
  23 elephants
  3 rust devils
  An ice statue (IceCv)
  3 water nymphs
  A titan simulacrum (Elf:1)
  22 vault sentinels
  4 molten gargoyles
  6 torpor snails
  Jeremiah (D:6)
  7 black mambas
  17 cane toads
  6 unseen horrors
  2 hellions
  An efreet (D:14)
  A freezing wraith (Vaults:5)
  8 rime drakes
  26 yaktaurs
  3 tengu conjurers
  8 komodo dragons
  A queen bee (D:12)
  A red devil (D:7)
  3 ice devils
  A merfolk (shapeshifter) (Vaults:2)
  3 polar bears
  A meliai (shapeshifter) (D:15)
  9 meliai
  7 trolls
  18 merfolk
  11 hornets
  5 wind drakes
  32 tarantellas
  13 dream sheep
  A raiju (Elf:1)
  24 blink frogs
  31 jumping spiders
  A culicivora (shapeshifter) (Vaults:5)
  12 snapping turtles
  43 slime creatures
  A dire elephant simulacrum (IceCv)
  17 culicivoras
  A ynoxinul (Zot:4)
  6 air elementals
  9 wraiths
  A centaur simulacrum (D:15)
  7 small abominations
  A vampire (D:12)
  4 wyverns
  10 water elementals
  2 fire bats (Volcano)
  7 fire elementals
  55 yaks
  10 basilisks
  A human (shapeshifter) (Vaults:5)
  2 golden eyes (Slime:1)
  3 hogs (Spider:2)
  2 humans (D:14)
  16 vampire mosquitoes
  3 steam dragons
  71 redbacks
  A redback simulacrum (D:15)
  3 chaos spawn (Depths:3)
  3 wargs
  2 death yak simulacra (IceCv)
  3 large abominations (Depths:3)
  22 water moccasins
  Duvessa (D:7)
  2 hydra simulacra (IceCv)
  3 acid dragons
  A floating eye (shapeshifter) (Vaults:5)
  A floating eye (Depths:3)
  3 hell hounds (Volcano)
  32 orc warriors
  2 ice beasts (D:7)
  A glowing shapeshifter skeleton (Elf:1)
  7 black bears
  3 sky beasts
  7 ogres
  22 wolves
  4 boggarts (Lair:5)
  10 centaurs
  3 lemures (D:6)
  3 phantoms
  Blork the orc (D:5)
  4 earth elementals (Elf:1)
  13 bullfrogs
  2 gnoll sergeants
  6 two-headed ogre simulacra (IceCv)
  2 scorpions
  3 cane toad simulacra (IceCv)
  5 wights (D:9)
  A troll zombie (D:12)
  Dowan (D:7)
  3 elephant simulacra (IceCv)
  34 killer bees
  An electric eel (Lair:1)
  9 lava snakes
  A crimson imp (Zot:4)
  4 jellies
  16 orc priests
  2 hounds
  A gnoll bouda (D:6)
  A hound (shapeshifter) (D:14)
  A sleepcap (D:6)
  2 iguanas
  24 orc wizards
  4 hell rats (Lair:3)
  4 lightning spires (Elf:1)
  7 spriggan simulacra
  6 troll simulacra (IceCv)
  A polar bear simulacrum (IceCv)
  2 wolf simulacra (IceCv)
  5 ogre zombies (D:12)
  19 adders
  10 naga simulacra (IceCv)
  16 gnolls
  A river rat (D:4)
  2 shadow imps
  3 white imps
  7 ufetubi (IceCv)
  A worm (D:3)
  4 dart slugs
  72 orcs
  7 bats
  3 endoplasms
  15 giant cockroaches
  3 goblins
  6 hobgoblins
  4 jackals (D:3)
  6 kobolds
  8 quokkas
  14 ball pythons
  12 frilled lizards (Sewer)
  A goblin zombie (D:12)
  A hobgoblin skeleton (D:12)
  3 hobgoblin zombies (D:12)
  3 orc skeletons (D:12)
  11 orc zombies (D:12)
  4 rats
  A butterfly (D:1)
  2 tentacles (Shoals:3)
2275 creatures vanquished.

Vanquished Creatures (collateral kills)
  Nergalle (D:10)
  A kobold brigand (D:10)
  A cane toad simulacrum (IceCv)
  A wolf simulacrum (IceCv)
  2 kobolds (D:10)
6 creatures vanquished.

Vanquished Creatures (others)
  A slime creature (D:15)
  A ball lightning (Elf:1)
  168 foxfires
  10 tentacles
180 creatures vanquished.

Grand Total: 2461 creatures vanquished

Notes
Turn   | Place    | Note
-------+----------+-------------------------------------------
     0 | D:1      | EnegeticOcto the Naga Reaver began the quest for the Orb.
     0 | D:1      | Reached XP level 1. HP: 19/19 MP: 3/3
    60 | D:1      | Reached skill level 1 in Stealth
   107 | D:1      | Reached skill level 2 in Stealth
   516 | D:1      | Reached XP level 2. HP: 26/26 MP: 5/5
   591 | D:1      | Reached skill level 3 in Stealth
  1050 | D:2      | Reached skill level 4 in Stealth
  1050 | D:2      | Reached XP level 3. HP: 21/32 MP: 6/6
  1053 | D:2      | Learned a level 2 spell: Momentum Strike
  1607 | D:2      | Reached skill level 4 in Maces & Flails
  1607 | D:2      | Reached XP level 4. HP: 39/39 MP: 4/7
  1790 | D:2      | Reached skill level 1 in Translocations
  2276 | D:3      | Reached skill level 2 in Translocations
  2501 | D:3      | Reached XP level 5. HP: 45/45 MP: 1/8
  2606 | D:3      | Reached skill level 3 in Translocations
  2903 | D:3      | Learned a level 4 spell: Iskenderun's Mystic Blast
  3067 | D:3      | Found a radiant altar of Vehumet.
  3198 | D:3      | Became a worshipper of Vehumet
  3201 | D:3      | Reached skill level 3 in Fighting
  3467 | D:4      | Found a glowing drain.
  3497 | D:4      | Reached XP level 6. HP: 56/56 MP: 9/9
  3547 | Sewer    | Entered a sewer
  3969 | Sewer    | Reached skill level 4 in Fighting
  4028 | Sewer    | Reached * piety under Vehumet
  4028 | Sewer    | Offered knowledge of Foxfire by Vehumet.
  4488 | D:4      | Noticed a black bear
  5074 | D:4      | Reached skill level 4 in Conjurations
  5268 | D:5      | Entered Level 5 of the Dungeon
  5481 | D:5      | Found a staircase to the Ecumenical Temple.
  5506 | D:5      | Reached XP level 7. HP: 64/64 MP: 8/10
  5556 | D:5      | Found a broken altar of Ashenzari.
  5556 | D:5      | Found a stormy altar of Qazlal.
  5581 | D:5      | Reached skill level 5 in Conjurations
  5866 | D:5      | Learned a level 1 spell: Foxfire
  5889 | D:5      | Noticed Blork the orc
  5895 | D:5      | Reached skill level 5 in Stealth
  5895 | D:5      | Reached skill level 1 in Fire Magic
  5901 | D:5      | Killed Blork the orc
  5902 | D:5      | Reached skill level 2 in Fire Magic
  6026 | D:5      | Found a transporter.
  6122 | D:5      | Reached skill level 3 in Spellcasting
  6297 | D:5      | Found a transporter.
  6309 | D:5      | Found a one-way gate to the infinite horrors of the Abyss.
  6309 | D:5      | Noticed GordonOverkill's ghost (weakling VSDe)
  6818 | D:4      | Reached skill level 4 in Spellcasting
  6818 | D:4      | Reached XP level 8. HP: 72/72 MP: 5/14
  7261 | D:6      | Noticed Pikel
  7352 | D:6      | Killed Pikel
  7353 | D:6      | Reached skill level 7 in Conjurations
  7428 | D:6      | Reached skill level 5 in Spellcasting
  7541 | D:6      | Learned a level 5 spell: Freezing Cloud
  7566 | D:6      | Offered knowledge of Searing Ray by Vehumet.
  7575 | D:6      | Reached skill level 1 in Ice Magic
  7575 | D:6      | Reached skill level 1 in Air Magic
  7581 | D:6      | Noticed Jeremiah
  7650 | D:6      | Killed Jeremiah
  7650 | D:6      | Reached ** piety under Vehumet
  7651 | D:6      | Reached skill level 6 in Stealth
  7651 | D:6      | Reached skill level 2 in Ice Magic
  7651 | D:6      | Reached skill level 2 in Air Magic
  7651 | D:6      | Reached XP level 9. HP: 77/79 MP: 1/16
  7903 | D:6      | Reached skill level 5 in Fighting
  8202 | D:6      | Identified the +6 war axe of Annoyance {flame, rN++}
  8329 | D:7      | Reached skill level 3 in Ice Magic
  8329 | D:7      | Reached skill level 3 in Air Magic
  8342 | D:7      | Found an opulent altar of Gozag.
  8678 | D:7      | Noticed Duvessa
  8684 | D:7      | Noticed Dowan
  8688 | D:7      | Killed Duvessa
  8692 | D:7      | Killed Dowan
  8781 | D:7      | Reached skill level 6 in Fighting
  8781 | D:7      | Reached skill level 4 in Ice Magic
  8781 | D:7      | Reached skill level 4 in Air Magic
  9109 | D:7      | Reached XP level 10. HP: 82/92 MP: 17/17
  9429 | D:7      | Found an ornate altar of the Wu Jian Council.
  9587 | D:7      | Noticed a two-headed ogre
  9598 | D:7      | Killed a two-headed ogre
  9599 | D:7      | Reached skill level 7 in Fighting
  9599 | D:7      | Reached skill level 8 in Conjurations
  9756 | D:7      | Found a hazy altar of Hepliaklqana.
  9949 | D:8      | Found a burning altar of Makhleb.
 10244 | D:8      | Found a runed translucent door.
 10248 | D:8      | Noticed Scrael's ghost (novice DsGl)
 10344 | D:8      | Found Gountarphef's Elemental Accessories.
 10695 | D:8      | Offered knowledge of Inner Flame by Vehumet.
 10830 | D:8      | Found a blossoming altar of Fedhas.
 10831 | D:8      | Found a shimmering blue altar of Sif Muna.
 10831 | D:8      | You fall into a shaft and drop 3 floors!
 10944 | D:11     | Noticed a boulder beetle
 11183 | D:10     | Entered Level 10 of the Dungeon
 11212 | D:10     | Noticed Snorg
 11214 | D:10     | Noticed Gastronok
 11257 | D:11     | Noticed a cyan ugly thing
 11456 | D:11     | Reached skill level 8 in Fighting
 11460 | D:11     | Reached skill level 1 in Armour
 11531 | D:11     | Reached skill level 9 in Conjurations
 12130 | D:11     | Killed a boulder beetle
 12131 | D:11     | Reached skill level 2 in Armour
 12131 | D:11     | Reached skill level 5 in Air Magic
 12175 | D:11     | Noticed a two-headed ogre
 12185 | D:11     | Killed a two-headed ogre
 12186 | D:11     | Reached skill level 3 in Armour
 12186 | D:11     | Reached XP level 11. HP: 103/103 MP: 1/18
 12542 | D:11     | Killed a cyan ugly thing
 12543 | D:11     | Reached skill level 6 in Air Magic
 12900 | D:10     | Found a runed translucent door.
 12940 | D:10     | Reached skill level 10 in Conjurations
 12942 | D:10     | Noticed Nergalle
 12944 | D:10     | Reached skill level 7 in Air Magic
 12952 | D:10     | Killed Nergalle
 12960 | D:10     | Reached *** piety under Vehumet
 13346 | D:9      | Reached skill level 8 in Air Magic
 13383 | D:8      | Paralysed by a hornet for 3 turns
 13889 | D:9      | Offered knowledge of Ignite Poison by Vehumet.
 14170 | D:9      | Reached skill level 9 in Air Magic
 15016 | D:8      | Bought the Catalogue of Ouranomancy for 630 gold pieces
 15022 | D:8      | Learned a level 5 spell: Arcjolt
 15127 | D:10     | Found a staircase to the Lair.
 15278 | D:10     | Killed Gastronok
 15279 | D:10     | Reached skill level 10 in Air Magic
 15351 | D:10     | Killed Snorg
 15352 | D:10     | Reached skill level 6 in Spellcasting
 15352 | D:10     | Reached XP level 12. HP: 109/110 MP: 4/21
 15744 | D:10     | Reached **** piety under Vehumet
 15745 | D:10     | Reached skill level 7 in Spellcasting
 15890 | D:10     | Offered knowledge of Sticky Flame by Vehumet.
 16374 | Lair:1   | Entered Level 1 of the Lair of Beasts
 16422 | Lair:1   | Reached skill level 8 in Spellcasting
 16757 | Lair:1   | Reached skill level 9 in Spellcasting
 16761 | Lair:1   | Reached skill level 1 in Evocations
 16767 | Lair:1   | Reached ***** piety under Vehumet
 16771 | Lair:1   | Reached skill level 2 in Evocations
 16932 | Lair:1   | Offered knowledge of Olgreb's Toxic Radiance by Vehumet.
 16998 | Lair:1   | Reached skill level 4 in Armour
 17117 | Lair:1   | Reached skill level 3 in Evocations
 17388 | Lair:1   | Reached skill level 4 in Evocations
 17692 | Lair:2   | Gained mutation: You can use your snake-like lower body to
                  | constrict enemies. [Naga growth]
 17692 | Lair:2   | Reached XP level 13. HP: 117/117 MP: 21/26
 17718 | Lair:2   | Reached skill level 5 in Armour
 17724 | Lair:2   | Reached skill level 11 in Conjurations
 17888 | Lair:2   | Reached skill level 5 in Evocations
 18017 | Lair:2   | Found a staircase to the Shoals.
 18228 | Lair:2   | Reached skill level 6 in Armour
 18351 | Lair:2   | Reached skill level 12 in Conjurations
 18631 | Lair:2   | Found a hole to the Spider Nest.
 18857 | Lair:2   | Identified the +6 ring mail of Cheibriados's Delight
                  | {+Blink rCorr Dex+2 Stlth+}
 19116 | Lair:3   | Learned a level 4 spell: Airstrike
 19282 | Lair:3   | Offered knowledge of Orb of Destruction by Vehumet.
 19481 | Lair:3   | Reached skill level 13 in Conjurations
 20031 | Lair:3   | Reached skill level 2 in Dodging
 20605 | Lair:3   | Found a runed translucent door.
 21045 | Lair:4   | Reached skill level 3 in Dodging
 21673 | Lair:4   | Found a viscous altar of Jiyva.
 21673 | Lair:4   | Found a staircase to the Slime Pits.
 22064 | Lair:5   | Entered Level 5 of the Lair of Beasts
 22068 | Lair:5   | Reached XP level 14. HP: 97/127 MP: 22/27
 22079 | Lair:5   | Reached skill level 9 in Fighting
 22189 | Lair:5   | Reached skill level 4 in Dodging
 22325 | Lair:5   | Reached skill level 11 in Air Magic
 22696 | Lair:5   | Reached skill level 5 in Dodging
 22755 | Lair:5   | Reached skill level 10 in Fighting
 23058 | Lair:5   | Reached skill level 12 in Air Magic
 23662 | Lair:5   | Reached skill level 13 in Air Magic
 24181 | Lair:5   | Offered knowledge of Spellforged Servitor by Vehumet.
 24322 | Lair:5   | Got the Precepts of the Excursion
 24702 | D:10     | Found a staircase to the Lair.
 25149 | D:12     | Found Keocyce's Magic Scroll Shop.
 25157 | D:12     | Reached XP level 15. HP: 138/138 MP: 18/28
 25158 | D:12     | Bought a scroll of poison for 52 gold pieces
 25158 | D:12     | Bought a scroll of amnesia for 52 gold pieces
 25158 | D:12     | Bought a scroll of revelation for 97 gold pieces
 25165 | D:12     | Bought a scroll of identify for 26 gold pieces
 25165 | D:12     | Bought a scroll of identify for 26 gold pieces
 25165 | D:12     | Bought a scroll of enchant armour for 97 gold pieces
 25413 | D:12     | Found a frozen archway.
 25494 | IceCv    | Entered an ice cave
 27225 | IceCv    | Reached skill level 7 in Armour
 27225 | IceCv    | Reached skill level 6 in Evocations
 27428 | IceCv    | Identified the +7 shortbow of the Three Interlopers {heavy,
                  | rF++ Stlth-}
 27483 | IceCv    | Offered knowledge of Plasma Beam by Vehumet.
 27492 | IceCv    | Learned a level 6 spell: Plasma Beam
 27816 | D:12     | Noticed Jorgrun
 27824 | D:12     | Killed Jorgrun
 27825 | D:12     | Reached skill level 10 in Spellcasting
 27919 | D:12     | Found a staircase to the Orcish Mines.
 28444 | Orc:1    | Entered Level 1 of the Orcish Mines
 28458 | Orc:1    | Reached skill level 3 in Fire Magic
 28628 | Orc:2    | Entered Level 2 of the Orcish Mines
 28629 | Orc:2    | Found Qeloury Most's Antique Weapon Emporium.
 28640 | Orc:2    | Paralysed by an orc sorcerer for 4 turns
 28851 | Orc:2    | Offered knowledge of Iskenderun's Battlesphere by Vehumet.
 28890 | Orc:2    | Found a dark tunnel.
 28905 | Volcano  | Entered a volcano
 29456 | Volcano  | Reached skill level 7 in Evocations
 29673 | Volcano  | Found a bloodstained altar of Trog.
 29682 | Volcano  | Reached skill level 4 in Fire Magic
 29810 | Volcano  | Found the +3 hat of Pondering {ponderous, Will+ MP+10
                  | Int+5}
 30098 | Orc:2    | Found Ucoklod's Jewellery Shoppe.
 30166 | Orc:2    | Noticed an orc warlord
 30172 | Orc:2    | Killed an orc warlord
 30172 | Orc:2    | Noticed Maurice
 30176 | Orc:2    | Killed Maurice
 30181 | Orc:2    | Reached skill level 5 in Fire Magic
 30182 | Orc:2    | Reached ****** piety under Vehumet
 30428 | Orc:2    | Found Ecridad's General Store.
 30436 | Orc:2    | Bought a scroll of acquirement for 780 gold pieces
 30436 | Orc:2    | Acquired 1038 gold pieces
 30491 | Orc:2    | Found Gismir's Antique Armour Shoppe.
 30579 | Orc:2    | Found a staircase to the Elven Halls.
 30913 | Orc:1    | Noticed Urug
 30920 | Orc:1    | Killed Urug
 31163 | Orc:1    | Found Lytzean's Distillery.
 31515 | D:13     | Reached skill level 8 in Evocations
 32083 | D:13     | Reached skill level 11 in Spellcasting
 32376 | D:13     | Offered knowledge of Leda's Unmaking by Vehumet.
 33096 | Orc:2    | Bought the amulet of Vitality {RegenMP++ Regen++} for 1400
                  | gold pieces
 33096 | Orc:2    | Found the amulet of Vitality {RegenMP++ Regen++}
 33422 | D:14     | Reached skill level 6 in Fire Magic
 33424 | D:14     | Reached XP level 16. HP: 146/146 MP: 20/31
 33455 | D:14     | Found a basalt altar of Yredelemnul.
 33566 | D:14     | Noticed Josephine
 33571 | D:14     | Killed Josephine
 33740 | D:14     | Reached skill level 9 in Evocations
 33755 | D:14     | Reached skill level 7 in Fire Magic
 33779 | D:14     | Found a gate to the Vaults.
 34237 | D:15     | Entered Level 15 of the Dungeon
 34269 | D:15     | Reached skill level 12 in Spellcasting
 34432 | D:15     | Reached skill level 8 in Fire Magic
 34613 | D:15     | Found a staircase to the Depths.
 34842 | Shoals:1 | Entered Level 1 of the Shoals
 34875 | Shoals:1 | Offered knowledge of Starburst by Vehumet.
 35178 | Orc:2    | Bought a ring of magical power for 280 gold pieces
 35547 | Shoals:1 | Reached skill level 9 in Fire Magic
 35570 | Shoals:1 | Found a runed translucent door.
 35570 | Shoals:1 | Noticed Beaer's ghost (journeyman TrFi)
 35596 | Shoals:1 | Reached skill level 10 in Fire Magic
 36142 | Shoals:2 | Found a runed translucent door.
 36143 | Shoals:2 | Noticed Tinttamiau's ghost (adept BaIE)
 36185 | Shoals:2 | Reached skill level 8 in Armour
 36236 | Shoals:2 | Reached XP level 17. HP: 156/156 MP: 33/33
 36326 | Shoals:2 | Reached skill level 11 in Fighting
 36442 | Shoals:2 | Noticed a kraken
 36447 | Shoals:2 | Killed a kraken
 37214 | Shoals:3 | Noticed a kraken
 37224 | Shoals:3 | Killed a kraken
 37339 | Shoals:4 | Entered Level 4 of the Shoals
 37343 | Shoals:4 | Reached skill level 9 in Armour
 37351 | Shoals:4 | Reached skill level 12 in Fighting
 37467 | Shoals:4 | Identified the +0 leather armour of Proximity {rCorr
                  | Slay+2}
 37589 | Shoals:4 | Offered knowledge of Fire Storm by Vehumet.
 37589 | Shoals:4 | Offered knowledge of Polar Vortex by Vehumet.
 37589 | Shoals:4 | Offered knowledge of Maxwell's Capacitive Coupling by
                  | Vehumet.
 37947 | Shoals:4 | Reached skill level 10 in Armour
 37952 | Shoals:4 | Reached skill level 13 in Fighting
 37955 | Shoals:4 | Identified the ring "Kynkeecw" {*Slow Fly rF+ MP+9 Str+4}
 38001 | Shoals:4 | Identified the ring "Petozy" {Ice Dex+3}
 38203 | Shoals:4 | Found a glowing silver altar of Zin.
 38220 | Shoals:4 | Got a barnacled rune of Zot
 38296 | Shoals:4 | Found a glowing golden altar of the Shining One.
 38369 | Shoals:4 | Found a white marble altar of Elyvilon.
 39008 | Orc:1    | Bought a potion of resistance for 120 gold pieces
 39190 | Spider:1 | Entered Level 1 of the Spider Nest
 39203 | Spider:1 | Reached skill level 14 in Air Magic
 39273 | Spider:1 | Reached XP level 18. HP: 171/171 MP: 34/34
 39540 | Spider:1 | Reached skill level 15 in Air Magic
 40178 | Spider:2 | Noticed blacky4's ghost (adept SpEn)
 40178 | Spider:2 | Noticed lis82's ghost (journeyman DgSu)
 40178 | Spider:2 | Found the +3 giant club "Skullcrusher" {speed, Str+7}
 40178 | Spider:2 | Noticed Arachne
 40201 | Spider:2 | Noticed Aizul
 40203 | Spider:2 | Killed Aizul
 40208 | Spider:2 | Noticed Kirke
 40218 | Spider:2 | Killed Kirke
 40358 | Spider:2 | Reached skill level 16 in Air Magic
 40659 | Spider:2 | Found a transporter.
 40659 | Spider:2 | Found a transporter.
 40859 | Spider:3 | Noticed Mara
 41040 | Spider:3 | Killed Mara
 41041 | Spider:3 | Reached skill level 17 in Air Magic
 41543 | Spider:4 | Entered Level 4 of the Spider Nest
 41574 | Spider:3 | Reached skill level 18 in Air Magic
 41584 | Spider:3 | Learned a level 8 spell: Maxwell's Capacitive Coupling
 41707 | Spider:4 | Reached XP level 19. HP: 178/178 MP: 35/35
 41929 | Spider:4 | Reached skill level 14 in Fighting
 42331 | Spider:4 | Got a gossamer rune of Zot
 42500 | Spider:4 | Reached skill level 15 in Fighting
 42531 | Spider:4 | Reached skill level 1 in Shields
 43116 | Elf:1    | Entered Level 1 of the Elven Halls
 43117 | Elf:1    | Paralysed by an air elemental for 1 turns
 43122 | Elf:1    | Paralysed by an air elemental for 1 turns
 43130 | Elf:1    | Paralysed by an air elemental for 1 turns
 43177 | Elf:1    | Reached skill level 2 in Shields
 43270 | Elf:1    | Got Sif Muna's Incunable of Amathomancy
 43319 | Elf:1    | Learned a level 1 spell: Apportation
 43322 | Elf:1    | Learned a level 2 spell: Blink
 43900 | Elf:1    | Reached skill level 3 in Shields
 44033 | Elf:1    | Reached skill level 6 in Dodging
 44111 | Elf:1    | Got Sif Muna's Tome of the Cobbler
 44151 | Elf:1    | Noticed Frances
 44156 | Elf:1    | Killed Frances
 44181 | Elf:1    | Noticed a bone dragon
 44191 | Elf:1    | Reached skill level 4 in Shields
 44258 | Elf:1    | Killed a bone dragon
 44357 | Elf:1    | Got the Compendium of the Panacea
 44384 | Elf:1    | Found a runed translucent gate.
 44385 | Elf:1    | Found a runed translucent gate.
 44385 | Elf:1    | Noticed vilexx's ghost (adept DjHW)
 44386 | Elf:1    | Found a runed translucent gate.
 44398 | Elf:1    | Noticed Nikola
 44408 | Elf:1    | Killed Nikola
 44409 | Elf:1    | Reached skill level 11 in Armour
 44409 | Elf:1    | Reached XP level 20. HP: 194/194 MP: 28/36
 44572 | Elf:1    | Paralysed by an air elemental for 1 turns
 44575 | Elf:1    | Paralysed by an air elemental for 1 turns
 44577 | Elf:1    | Paralysed by an air elemental for 1 turns
 44582 | Elf:1    | Reached skill level 5 in Shields
 44587 | Elf:1    | Paralysed by an air elemental for 1 turns
 44591 | Elf:1    | Paralysed by an air elemental for 1 turns
 44794 | Elf:1    | Found Noiskawn's Jewellery Boutique.
 45006 | Elf:1    | Reached skill level 7 in Dodging
 45079 | Elf:1    | Killed vilexx's ghost
 45133 | Elf:1    | Got the Omnibus of Rot
 45457 | Elf:2    | Paralysed by an air elemental for 1 turns
 45563 | Elf:2    | Reached skill level 6 in Shields
 45632 | Elf:2    | Found a runed translucent gate.
 45632 | Elf:2    | Found a runed translucent gate.
 45633 | Elf:2    | Found a runed translucent gate.
 45836 | Elf:2    | Found Hibuol's Magic Scroll Shoppe.
 46000 | Elf:3    | Entered Level 3 of the Elven Halls
 46276 | Elf:3    | Found Wozusuf's Weapon Shop.
 46299 | Elf:3    | Reached skill level 8 in Dodging
 46545 | Elf:3    | Identified the +5 spear of Chagrin {freeze, Drain +Blink
                  | Dex+5}
 46743 | Elf:3    | Identified the +8 quarterstaff "Killer Bee's Bane" {flame,
                  | rC++ Int+3}
 47017 | Elf:3    | Identified the amulet "Laskia" {Acrobat Dex+2}
 47364 | Elf:3    | Identified the staff of Checkmate {Contam rN+ Str+7 Stlth-
                  | Necro}
 47369 | Elf:3    | Identified the +3 scale mail of the Evening Star {rC+ Int+3
                  | Dex-2}
 47369 | Elf:3    | Identified the +1 leather armour of Grace {Str+5 Slay+3}
 47370 | Elf:3    | Reached skill level 12 in Armour
 47376 | Elf:3    | Identified the +4 dire flail of Fapp {chaos, Drain Dex+3}
 47385 | Elf:3    | Identified the +10 dagger of the Onslaught {pain, Dex+3}
 47390 | Elf:3    | Reached skill level 9 in Dodging
 47390 | Elf:3    | Identified the +4 dagger of the Shifting Seer {vamp, *Noise
                  | Will+ Int+3 SInv}
 47392 | Elf:3    | Identified the +0 scale mail "Udojoa Gaodo" {rElec Int+4}
 47543 | Elf:3    | Identified the +2 robe of Disguise {Will+ Str+6}
 47580 | Elf:3    | Identified the staff "Uzountei" {rF+ Will+ Conj}
 47608 | Elf:3    | Identified the +0 cloak "Xuixkiof" {Will- Str+3 SInv}
 48055 | Vaults:1 | Entered Level 1 of the Vaults
 48070 | Vaults:1 | Found a huge runed gate.
 48070 | Vaults:1 | Found a huge runed gate.
 48070 | Vaults:1 | Found a huge runed gate.
 48070 | Vaults:1 | Found a huge runed gate.
 48070 | Vaults:1 | Found a huge runed gate.
 48070 | Vaults:1 | Found a huge runed gate.
 48071 | Vaults:1 | Found a huge runed gate.
 48071 | Vaults:1 | Found a huge runed gate.
 48071 | Vaults:1 | Found a huge runed gate.
 48071 | Vaults:1 | Found a huge runed gate.
 48074 | Vaults:1 | Found a huge runed gate.
 48074 | Vaults:1 | Found a huge runed gate.
 48074 | Vaults:1 | Found a huge runed gate.
 48074 | Vaults:1 | Found a huge runed gate.
 48074 | Vaults:1 | Found a huge runed gate.
 48074 | Vaults:1 | Found a huge runed gate.
 48075 | Vaults:1 | Found a huge runed gate.
 48076 | Vaults:1 | Found a huge runed gate.
 48077 | Vaults:1 | Found a huge runed gate.
 48085 | Vaults:1 | Found a huge runed gate.
 48085 | Vaults:1 | Found a huge runed gate.
 48085 | Vaults:1 | Found a huge runed gate.
 48085 | Vaults:1 | Found a huge runed gate.
 48085 | Vaults:1 | Found a huge runed gate.
 48085 | Vaults:1 | Found a huge runed gate.
 48086 | Vaults:1 | Found a huge runed gate.
 48087 | Vaults:1 | Found a huge runed gate.
 48088 | Vaults:1 | Found a huge runed gate.
 48098 | Vaults:1 | Found a huge runed gate.
 48098 | Vaults:1 | Found a huge runed gate.
 48098 | Vaults:1 | Found a huge runed gate.
 48098 | Vaults:1 | Found a huge runed gate.
 48098 | Vaults:1 | Found a huge runed gate.
 48098 | Vaults:1 | Found a huge runed gate.
 48099 | Vaults:1 | Found a huge runed gate.
 48290 | Vaults:1 | Reached skill level 13 in Armour
 48355 | Vaults:1 | Reached XP level 21. HP: 201/201 MP: 37/37
 48589 | Vaults:1 | Found a huge runed gate.
 49053 | Vaults:1 | Reached skill level 10 in Dodging
 49057 | Vaults:1 | Reached skill level 14 in Armour
 49184 | Vaults:1 | Identified the staff of the Uplifting Gods {Dex+4 Earth}
 49423 | Vaults:2 | Found a runed translucent gate.
 49423 | Vaults:2 | Found a runed translucent gate.
 49423 | Vaults:2 | Found a runed translucent gate.
 49425 | Vaults:2 | Noticed heteroy's ghost (veteran GrEE)
 49569 | Vaults:2 | Found a staircase to the Crypt.
 49572 | Vaults:2 | Reached skill level 15 in Armour
 49832 | Vaults:2 | Reached skill level 16 in Armour
 50115 | Vaults:2 | Found Zoetz's General Store.
 50136 | Vaults:2 | Bought a wand of roots (5) for 240 gold pieces
 50337 | Vaults:3 | Reached skill level 14 in Conjurations
 51020 | Vaults:3 | Reached XP level 22. HP: 196/210 MP: 38/38
 51618 | Vaults:4 | Reached skill level 15 in Conjurations
 51649 | Vaults:4 | Reached skill level 17 in Armour
 51983 | Vaults:4 | Noticed an ancient lich
 51988 | Vaults:4 | Killed an ancient lich
 51989 | Vaults:4 | Reached skill level 16 in Conjurations
 52093 | Vaults:4 | Identified the +7 spear "Concordance" {venom, rCorr Int-2
                  | SInv Stlth-}
 52677 | Vaults:4 | Learned a level 9 spell: Chain Lightning
 52873 | Depths:1 | Entered Level 1 of the Depths
 52893 | Depths:1 | Reached skill level 17 in Conjurations
 53244 | Depths:1 | Found a gateway to Hell.
 53312 | Depths:1 | Found a runed translucent door.
 53317 | Depths:1 | Noticed Lapib's ghost (veteran MfIE)
 53519 | Depths:1 | Reached XP level 23. HP: 217/217 MP: 39/39
 53521 | Depths:1 | Reached skill level 13 in Spellcasting
 53864 | Depths:2 | Reached skill level 18 in Conjurations
 54006 | Depths:2 | Found a one-way gate leading to the halls of Pandemonium.
 54165 | Depths:2 | Found a one-way gateway to a ziggurat.
 54460 | Depths:2 | Reached skill level 14 in Spellcasting
 54524 | Depths:2 | Found a sacrificial altar of Ru.
 55107 | Depths:3 | Reached skill level 19 in Conjurations
 55161 | Depths:3 | Identified the +2 short sword of the Final Runes {drain,
                  | rElec rF- Stlth+}
 55363 | Depths:3 | Reached skill level 15 in Spellcasting
 55946 | Depths:3 | Noticed a golden dragon
 55951 | Depths:3 | Killed a golden dragon
 55952 | Depths:3 | Reached XP level 24. HP: 212/225 MP: 38/42
 56116 | Depths:4 | Entered Level 4 of the Depths
 56215 | Depths:4 | Reached skill level 20 in Conjurations
 56613 | Depths:4 | Found a gate to the Realm of Zot.
 56770 | Depths:4 | Noticed Vv
 56774 | Depths:4 | Killed Vv
 56835 | Depths:4 | Noticed Xtahua
 56840 | Depths:4 | Killed Xtahua
 56966 | Depths:4 | Reached skill level 19 in Air Magic
 57451 | Slime:1  | Entered Level 1 of the Pits of Slime
 57739 | Vaults:5 | Entered Level 5 of the Vaults
 58174 | Vaults:5 | Found the +0 mask of the Dragon {Will+ Slay+3 SInv}
 58186 | Vaults:5 | Identified the +4 falchion "Zeebbema" {flame, Str-5 Int+5}
 58229 | Vaults:5 | Identified the +5 arbalest "Boff" {flame, Str+3 Dex+4}
 58264 | Vaults:5 | Identified the +1 robe of Buotratt {Drain rF+++ Will++
                  | Stlth-}
 58290 | Vaults:5 | Noticed an ancient lich
 58300 | Vaults:5 | Killed an ancient lich
 58301 | Vaults:5 | Identified the amulet "Deuzxu Duhack" {Faith rCorr Int+4
                  | Dex+4}
 58379 | Vaults:5 | Reached skill level 20 in Air Magic
 58384 | Vaults:5 | Identified the +1 scale mail of Indecent Exposure {rF+}
 58421 | Vaults:5 | Reached skill level 21 in Conjurations
 58629 | Vaults:5 | Identified the +1 hand axe of False Accusations {venom,
                  | Contam rC+ Int+4 Stlth+}
 58687 | Vaults:5 | Reached XP level 25. HP: 227/232 MP: 33/42
 58941 | Vaults:5 | Reached skill level 21 in Air Magic
 59187 | Vaults:5 | Got a silver rune of Zot
 59862 | Vaults:5 | Identified the staff "Viemeul" {rPois MP+9 Str-2 Int+7
                  | Poison}
 59864 | Vaults:5 | Got Ereshkigal's Precepts of Evil
 59869 | Vaults:5 | Got the Papyrus of Absence
 60650 | Zot:1    | Entered Level 1 of the Realm of Zot
 61504 | Zot:2    | Noticed an orb of fire
 61508 | Zot:2    | Gained mutation: You are frail. (-10% HP) [an orb of fire]
 61509 | Zot:2    | Killed an orb of fire
 61651 | Zot:3    | Reached skill level 22 in Air Magic
 61690 | Zot:2    | Reached skill level 22 in Conjurations
 62153 | Zot:4    | Reached XP level 26. HP: 217/217 MP: 42/42
 62180 | Zot:5    | Entered Level 5 of the Realm of Zot
 62362 | Zot:5    | Noticed an orb of fire
 62365 | Zot:5    | Gained mutation: You have hidden genetic defects. [an orb
                  | of fire]
 62367 | Zot:5    | Gained mutation: You are very frail. (-20% HP) [an orb of
                  | fire]
 62369 | Zot:5    | Gained mutation: You have a pair of small horns on your
                  | head. [an orb of fire]
 62370 | Zot:5    | Killed an orb of fire
 62439 | Zot:5    | Lost mutation: You are very frail. (-20% HP) [potion of
                  | mutation]
 62439 | Zot:5    | Lost mutation: You are frail. (-10% HP) [potion of
                  | mutation]
 62439 | Zot:5    | Lost mutation: You have a pair of small horns on your head.
                  | [potion of mutation]
 62439 | Zot:5    | Gained mutation: Your mind is acute. (Int +4, Str/Dex -1)
                  | [potion of mutation]
 62439 | Zot:5    | Gained mutation: You possess an exceptional clarity of
                  | mind. [potion of mutation]
 62439 | Zot:5    | Lost mutation: You possess an exceptional clarity of mind.
                  | [potion of mutation]
 62439 | Zot:5    | Gained mutation: You are agile. (Dex +4, Str/Int -1)
                  | [potion of mutation]
 62963 | Zot:5    | Noticed an ancient lich
 62967 | Zot:5    | Killed an ancient lich
 63379 | Zot:5    | Noticed an ancient lich
 63385 | Zot:5    | Killed an ancient lich
 63386 | Zot:5    | Reached skill level 23 in Conjurations
 63400 | Zot:5    | Gained mutation: You are frail. (-10% HP) [hidden defects]
 63413 | Zot:5    | Noticed a Killer Klown
 63417 | Zot:5    | Killed a Killer Klown
 63492 | Zot:5    | Noticed an orb of fire
 63494 | Zot:5    | Noticed a dread lich
 63496 | Zot:5    | Killed a dread lich
 63498 | Zot:5    | Gained mutation: You are resistant to electric shocks.
                  | (rElec) [an orb of fire]
 63502 | Zot:5    | Killed an orb of fire
 63508 | Zot:5    | Reached skill level 16 in Fighting
 63660 | Zot:5    | Noticed an orb of fire
 63662 | Zot:5    | Gained mutation: You occasionally shout uncontrollably at
                  | your foes. [an orb of fire]
 63664 | Zot:5    | Killed an orb of fire
 63797 | Zot:5    | Noticed an orb of fire
 63801 | Zot:5    | Killed an orb of fire
 63809 | Zot:5    | Gained mutation: Your body sometimes deteriorates upon
                  | taking damage. [hidden defects]
 63809 | Zot:5    | Lost mutation: You have hidden genetic defects. [hidden
                  | defects expressed]
 63843 | Zot:5    | Noticed an orb of fire
 63847 | Zot:5    | Killed an orb of fire
 63975 | Zot:5    | Noticed a Killer Klown
 63978 | Zot:5    | Killed a Killer Klown
 63979 | Zot:5    | Reached skill level 16 in Spellcasting
 64091 | Zot:5    | Noticed a Killer Klown
 64098 | Zot:5    | Noticed an orb of fire
 64099 | Zot:5    | Killed a Killer Klown
 64103 | Zot:5    | Killed an orb of fire
 64309 | Zot:5    | Noticed a dread lich
 64313 | Zot:5    | Killed a dread lich
 64314 | Zot:5    | Reached skill level 23 in Air Magic
 64455 | Zot:5    | Noticed an orb of fire
 64459 | Zot:5    | Gained mutation: You sometimes lose your temper in combat.
                  | [an orb of fire]
 64460 | Zot:5    | Killed an orb of fire
 64547 | Zot:5    | Reached XP level 27. HP: 224/228 MP: 43/43
 65001 | Zot:5    | Got the Orb of Zot
 65067 | Zot:4    | Noticed Aruekhli the pandemonium lord
 65068 | Zot:4    | Killed Aruekhli the pandemonium lord
 65104 | Zot:2    | Reached skill level 24 in Conjurations
 65412 | D:7      | Noticed Tauhohej the pandemonium lord
 65414 | D:7      | Killed Tauhohej the pandemonium lord
 65666 | D:$      | Escaped with the Orb!

Illustrated notes

Levels and vault maps discovered:
D:1:      dpeg_arrival_oval, layout_basic, serial_bayou_pond_a, grunt_decor_cap,
          minmay_door_square, hangedman_glass_garden
D:2:      layout_basic, reono_crystal_passage
D:3:      layout_loops_ring, vehumet_crystals, minmay_unequal
D:4:      layout_cave_pods, portal_sewer_entry_a
D:5:      layout_layer_cave, jmf_multi_god_temple,
          minmay_temple_entry_antechambers, gammafunk_ghost_abyssal_escape,
          hangedman_abyss_or_decor_lesser_grid, uniq_blork_the_orc
D:6:      layout_rooms, serial_aquarium, aquarium_bridge_square
          [aquarium_subvault_bridge, aquarium_subvault_window,
          aquarium_subvault_wall, aquarium_subvault_wall], aquarium_window_fake,
          aquarium_window_fake, aquarium_window_fake, aquarium_view_2b,
          aquarium_balcony_3a, aquarium_pool_2, uniq_pikel, uniq_jeremiah
D:7:      layout_loops_ring, grunt_gozag_breadcrumbs,
          mainiacjoe_overflow_24_doors, nzn_hepliaklqana_mist_gate, uniq_duvessa
D:8:      layout_basic, bloody_makhleb, gammafunk_temple_overflow_pools,
          hellmonk_ghost_happy_afterlife, minmay_misc_feat_secret_circle,
          nicolae_elemental_shop
D:9:      layout_roguey
D:10:     layout_cave_pools, lair_entry_dummy, lightli_church_of_beogh,
          uniq_gastronok, uniq_snorg, uniq_nergalle
D:11:     layout_cave_pods
D:12:     layout_loops_cross, zombieorc1_lemuel, portal_ice_cave_demonic_guard,
          special_room [special_room_bee], serial_shops, shop, uniq_jorgrun
D:13:     layout_stronghold, dreamdust_princess_bridge
D:14:     layout_cave_pods, hellmonk_vaults_keyhole, lemuel_crystal_altar,
          minmay_misc_feat_pillars, uniq_josephine
D:15:     grunt_enter_depths_snipers, layout_cave_pools
Lair:1:   layout_misc_corridors, serial_bayou_pond_b
Lair:2:   layout_hall_layers, shoals_dummy_entry, spider_nest_entry_funnel_web,
          st_stairs_7, minmay_lindwurm_lava, grunt_megastairs_4
Lair:3:   gammafunk_lair_enchanted_lake, layout_regular_city
Lair:4:   layout_cave_pods, dpeg_slime_entry_enclosed, grunt_megastairs_1
Lair:5:   minmay_lair_end_enchanted_forest, layout_regular_city,
          grunt_megastairs_5
Shoals:1: layout_shoals, gammafunk_ghost_grave
Shoals:2: layout_shoals, ebering_ghost_inner_flame
Shoals:3: layout_shoals, nicolae_shoals_drake_roost
Shoals:4: shoals_end_hellmonk_holy_island
Spider:1: layout_cave_pods
Spider:2: layout_spider_delve, nzn_ghost_randoct,
          nicolae_spider_rock_and_or_roll, uniq_aizul, uniq_arachne, uniq_kirke
Spider:3: layout_spider_delve, nicolae_spider_twisty_arc_passages, uniq_mara
Spider:4: hellmonk_spider_rune_endless_swarm,
          nicolae_spider_some_kinda_spiderbox
Slime:1:  layout_caves, special_room [special_room_jelly],
          cheibrodos_slime_lost_civilization_4
Orc:1:    layout_diamond_mine, serial_shops, shop, uniq_urug
Orc:2:    grunt_orc_gardens, layout_caves, grunt_orc_garden, grunt_orc_garden,
          grunt_orc_garden, grunt_orc_garden, enter_volcano_4, uniq_maurice
Elf:1:    nicolae_elf_arrival_aired_out, layout_onion_city,
          serial_hangedman_research, hangedman_research_geology,
          hangedman_research_thanatology, hangedman_research_toxicology,
          hangedman_research_electronics, hangedman_research_pyrotechnics,
          serial_shops, nicolae_shop_real_fake_doors, ebering_ghost_rock_garden,
          minivault_28, uniq_frances, uniq_nikola
Elf:2:    nicolae_elf_blades_splatter_lattice
          [nicolae_blade_entry_sentries_behind_glass], layout_geoelf_grid,
          serial_shops, shop, hangedman_elf_power_crystal
Elf:3:    grunt_elf_hall_branching, layout_geoelf_grid, serial_shops,
          nicolae_shop_bloodbath_and_beyond, dreamdust_wishing_well
Vaults:1: nicolae_vaults_storage_closets_1, nicolae_vaults_frosty_reception,
          grunt_vaults_hallway_long, v_rooms_4, grunt_vaults_funnel,
          v_alt_pattern_1, hangedman_vaults_trim, v_alt_pattern_3,
          not_door_vault_due, nicolae_vaults_tetromino_Z_1, v_misc_26,
          layout_vaults_big_room
Vaults:2: gammafunk_ghost_necromancy, v_alt_pattern_3,
          nicolae_vaults_double_plus_1, hangedman_vaults_capsules,
          nicolae_vaults_stairing_the_circle, v_misc_4, grunt_vaults_diagonal,
          nicolae_vaults_tangram_1, hangedman_vaults_pinch,
          nicolae_vaults_security_offices_1, minmay_crypt_entry_simple_statues,
          nicolae_vaults_tetromino_T_2, ontoclasm_vaults_fault,
          dpeg_vaults_monster_box, nicolae_vaults_door_testing_chamber,
          layout_vaults_ring, serial_shops, shop
Vaults:3: nicolae_vaults_little_squares_2, nicolae_vaults_big_ls,
          hangedman_vaults_trim, nicolae_vaults_alarming,
          ontoclasm_vaults_hangar, vaults_room_fancy_cross,
          hangedman_vaults_nails, nicolae_vaults_little_squares_2,
          vaults_mumra_chevron, v_alt_pattern_2, nicolae_vaults_tetromino_T_1,
          nicolae_vaults_little_squares_6, nicolae_vaults_closet_pinwheel_6,
          nicolae_vaults_diamond_1, grunt_vaults_hallway_short,
          vaults_mumra_lcd, layout_vaults_big_cross
Vaults:4: hangedman_vaults_corner, nicolae_vaults_mitosis,
          ontoclasm_vaults_pinch, nicolae_vaults_tangram_2,
          ontoclasm_vaults_idyll, v_misc_26,
          vaults_standard_mumra_enter_the_diamond,
          nicolae_vaults_windows_and_doors_thing,
          nicolae_vaults_storage_closets_2, nicolae_vaults_double_plus_1,
          layout_vaults_maze
Vaults:5: serial_shops
Depths:1: layout_basic, serial_curves, eino_curves_04, eino_curves_02,
          eino_curves_02, eino_curves_02, muffindrake_ghost_dead_mans_drink,
          hangedman_abyss_entry_splay, hell_entry, minmay_alternating_orb
Depths:2: nicolae_cairo_tiling, layout_cave_pools, enter_ziggurat_b, pan_entry,
          grunt_hell_horde, nicolae_ru_the_path_less_chosen
Depths:3: minmay_the_grid_four_pointed_star_mashed
          [minmay_the_grid_triangle_9x9_corruption,
          minmay_the_grid_triangle_9x9_flanged_cone,
          minmay_the_grid_triangle_9x9_pentomino_pain,
          minmay_the_grid_triangle_9x9_impossible_snake,
          minmay_the_grid_prize_four_corners], layout_cave_pools,
          minmay_room_of_horrors, hell_entry, st_stairs_13,
          infiniplex_staircase_star
Depths:4: grunt_crosshair, layout_honeycomb, hell_entry,
          abyss_entry_small_statue_room, uniq_vv, uniq_xtahua
Zot:1:    layout_onion
Zot:2:    layout_concentric_octagons
Zot:3:    layout_misc_corridors
Zot:4:    layout_gridlike
Zot:5:    layout_misc_corridors

Skill      XL: |  1  2  3  4  5  6  7  8  9 10 11 12 13 14 15 16 17 18 19 20 21 22 23 24 25 26 27 |
---------------+----------------------------------------------------------------------------------+-----
Stealth        | 2 4 5 6 |  6.0
Maces & Flails | 4 |  4.0
Translocations | 2 3 |  3.0
Fighting       | 3 4 6 8 10 13 15 16 | 16.8
Conjurations   | 4 5 7 9 10 13 14 17 19 21 22 23 24 | 24.2
Fire Magic     | 2 6 10 | 10.0
Spellcasting   | 4 5 6 9 11 12 15 16 | 16.5
Ice Magic      | 2 4 |  4.0
Air Magic      | 2 4 5 10 13 14 18 20 22 23 | 23.3
Armour         | 3 4 6 7 8 10 11 13 16 17 | 17.0
Evocations     | 4 5 8 9 |  9.0
Dodging        | 3 5 6 9 10 | 10.0
Shields        | 4 6 |  6.0

Action                     |  1- 3 |  4- 6 |  7- 9 | 10-12 | 13-15 | 16-18 | 19-21 | 22-24 | 25-27 || total
---------------------------+-------+-------+-------+-------+-------+-------+-------+-------+-------++-------
  Melee: Mace              |    20 |   157 |    12 |       |       |       |       |       |       ||   189
         Punch             |       |     3 |     1 |     3 |       |       |       |       |       ||     7
         Battleaxe         |       |       |    42 |       |       |       |       |       |       ||    42
         War axe           |       |       |    59 |   195 |   320 |    17 |       |       |       ||   591
         Trident           |       |       |     4 |       |       |       |       |       |       ||     4
         Constrict         |       |       |       |       |    81 |    18 |    11 |     1 |     4 ||   115
         Staff             |       |       |       |       |       |    58 |    51 |    16 |    25 ||   150
  Throw: Dart              |       |     2 |    11 |    21 |       |       |       |       |       ||    34
         Javelin           |       |     1 |       |     1 |       |       |       |       |       ||     2
   Cast: Momentum Strike   |     5 |    53 |    20 |     2 |       |       |       |       |       ||    80
         Foxfire           |       |       |    89 |     8 |       |       |       |       |       ||    97
         Iskenderun's Myst |       |       |     7 |    65 |       |       |       |       |       ||    72
         Freezing Cloud    |       |       |       |    29 |    57 |    16 |     6 |       |       ||   108
         Arcjolt           |       |       |       |    31 |   210 |   123 |    70 |    59 |       ||   493
         Kiss of Death     |       |       |       |     1 |       |       |       |       |       ||     1
         Airstrike         |       |       |       |       |   197 |    54 |    76 |     2 |       ||   329
         Plasma Beam       |       |       |       |       |    19 |   360 |   413 |   669 |   284 ||  1745
         Maxwell's Capacit |       |       |       |       |       |       |     9 |    13 |    36 ||    58
         Chain Lightning   |       |       |       |       |       |       |       |       |    84 ||    84
         Apportation       |       |       |       |       |       |       |       |       |     1 ||     1
Ability: Spit Poison       |    14 |    49 |    10 |     3 |       |       |       |       |       ||    76
  Evoke: Wand              |       |       |     1 |    10 |     4 |     2 |     3 |       |       ||    20
         Box of beasts     |       |       |       |       |     1 |       |       |       |       ||     1
         Phantom mirror    |       |       |       |       |     1 |       |       |       |       ||     1
         Lightning rod     |       |       |       |       |       |     2 |     1 |       |       ||     3
         Tin of tremorston |       |       |       |       |       |     1 |     3 |     2 |       ||     6
    Use: Scroll            |     4 |     4 |     3 |     5 |     9 |     9 |     3 |     2 |     6 ||    45
         Potion            |       |       |     2 |     2 |     1 |     1 |       |       |     3 ||     9
   Stab: Sleeping          |       |     1 |     2 |     3 |    10 |       |       |       |       ||    16
         Distracted        |       |       |       |       |     1 |       |       |       |       ||     1
 Armour: Leather armour    |    15 |   130 |    26 |       |       |       |       |       |       ||   171
         Robe              |       |       |   106 |   376 |   154 |       |       |       |       ||   636
         Ring mail         |       |       |       |       |   444 |   416 |   392 |   337 |   232 ||  1821
  Dodge: Dodged            |    13 |    89 |    91 |   144 |   243 |   108 |   107 |    86 |    55 ||   936
  Block: Buckler           |       |       |       |       |       |    61 |    58 |    58 |    12 ||   189

Table legend: (Time is in decaauts)
 A = Elapsed time spent in this place.
 B = Non-inter-level travel time spent in this place.
 C = Inter-level travel time spent in this place.
 D = Time resting spent in this place.
 E = Time spent auto-exploring this place.
 F = Levels seen in this place.
 G = Mean time per level.
                   A        B        C        D        E       F      G
               +--------+--------+--------+--------+--------+-----+--------+
         Total |  81957 |  72445 |   9512 |  13078 |  47677 |  51 | 1607.0 |
       Dungeon |  28021 |  23210 |   4811 |   3730 |  15673 |  15 | 1868.1 |
          Lair |  10632 |   9623 |   1009 |    698 |   7625 |   5 | 2126.4 |
        Shoals |   5153 |   4259 |    894 |    552 |   3030 |   4 | 1288.2 |
   Spider Nest |   4882 |   4663 |    219 |    543 |   3390 |   4 | 1220.5 |
    Slime Pits |      4 |      4 |      0 |      0 |      0 |   1 |    4.0 |
  Orcish Mines |   3386 |   2262 |   1124 |    213 |   1708 |   2 | 1693.0 |
   Elven Halls |   5455 |   5155 |    300 |   1053 |   3362 |   3 | 1818.3 |
        Vaults |   9238 |   8731 |    507 |    467 |   6808 |   5 | 1847.6 |
        Depths |   5748 |   5300 |    448 |    901 |   3534 |   4 | 1437.0 |
           Zot |   4796 |   4601 |    195 |   3144 |    661 |   5 |  959.2 |
         Sewer |   1085 |   1085 |      0 |    273 |    568 |   1 | 1085.0 |
      Ice Cave |   2410 |   2410 |      0 |   1283 |    692 |   1 | 2410.0 |
       Volcano |   1142 |   1142 |      0 |    219 |    622 |   1 | 1142.0 |
               +--------+--------+--------+--------+--------+-----+--------+

Top non-repeatable levels by time:
    D:11: 3481 daAuts
   Zot:5: 3089 daAuts
Vaults:5: 2726 daAuts
  Lair:5: 2697 daAuts
    D:10: 2642 daAuts
   IceCv: 2410 daAuts
  Lair:3: 2333 daAuts
     D:5: 2201 daAuts
   Elf:1: 2189 daAuts
    D:13: 2139 daAuts
    D:12: 2122 daAuts
   Elf:3: 2095 daAuts
     D:7: 1973 daAuts
  Lair:4: 1943 daAuts
  Lair:2: 1894 daAuts
